 Dungeon Crawl Stone Soup version 0.21.1-1-g345015f (webtiles) character file.

22411 inc the Gouger (level 12, -4/63 HPs)
             Began as a Felid Monk on Mar 13, 2018.
             Was a High Priest of Ru.
             Slain by an orc warlord
             ... wielding a +5 halberd of distortion
              (18 damage)
             ... on level 1 of the Orcish Mines.
             The game lasted 01:01:01 (26834 turns).

inc the Gouger (Felid Monk)                        Turns: 26834, Time: 01:01:02

Health: -4/63      AC:  6    Str:  9    XL:     12   Next: 62%
Magic:  20/20      EV: 46    Int: 12    God:    Ru [*****.]
Gold:   544        SH:  0    Dex: 23    Spells: 14/24 levels left
                                        Lives:  0   Deaths: 2

rFire    . . .     SeeInvis +     - Unarmed
rCold    + . .     Gourm    .   (shield unavailable)
rNeg     . . .     Faith    .   (armour unavailable)
rPois    .         Spirit   .   (helmet unavailable)
rElec    +         Reflect  .   (cloak unavailable)
rCorr    .         Harm     .   (gloves unavailable)
MR       +....                  (boots unavailable)
Stlth    ++++++....             S - amulet of the Air {Inacc +Fly rElec EV+5 RMsl}
HPRegen  0.20/turn              R - +5 ring of evasion
MPRegen  0.17/turn              T - +5 ring of evasion

@: no scrolls, repel missiles, quick
A: very small, no armour, no weapons or thrown items, stealth, claws 1, fangs 3,
thin metallic scales 2, see invisible, carnivore, speed 1, low mp 1, shaggy fur
3, slow metabolism 1, strong 1, subdued magic 1, inability to read while
threatened, inability to use devices, hated by all, no hexes magic, no poison
magic, no summoning magic, sharp paws
a: Draw Out Power, Power Leap, Apocalypse, Renounce Religion


You were on level 1 of the Orcish Mines.
You worshipped Ru.
Ru was extremely pleased with you.
You were not hungry.

You visited 4 branches of the dungeon, and saw 20 of its levels.
You also visited: Ice Cave.

You collected 2278 gold pieces.
You spent 1734 gold pieces at shops.

Inventory:

Jewellery
 d - an uncursed ring of poison resistance
 l - an uncursed amulet of guardian spirit
 s - an uncursed ring of protection from fire
 x - an uncursed ring of loudness
 F - an uncursed ring of ice
 H - the ring "Omutodi" {+Blink rPois}
   (You found it on level 11 of the Dungeon)

   [ring of poison resistance]

   It protects you from poison.
   It lets you blink.
 L - an uncursed ring of see invisible
 M - a +2 ring of intelligence
 R - a +5 ring of evasion (left paw)
 S - the amulet of the Air (around neck) {Inacc +Fly rElec EV+5 RMsl}
   (You bought it in a shop on level 12 of the Dungeon)

   [amulet of inaccuracy]

   It reduces the accuracy of all your attacks.
   It affects your evasion (+5).
   It insulates you from electricity.
   It lets you fly.
   It protects you from missiles.
 T - a +5 ring of evasion (right paw)
Wands
 n - a wand of polymorph (14)
 o - a wand of paralysis (11)
 q - a wand of iceblast (4)
Scrolls
 b - 2 scrolls of remove curse
 c - 3 scrolls of amnesia
 f - 4 scrolls of magic mapping
 g - a scroll of fog
 h - 4 scrolls of teleportation
 i - 2 scrolls of immolation
 k - 5 scrolls of identify
 p - 4 scrolls of enchant armour
 v - 2 scrolls of blinking
 B - 2 scrolls of enchant weapon
 E - a scroll of fear
 I - a scroll of random uselessness
Potions
 e - 4 potions of brilliance
 j - a potion of agility
 m - 6 potions of curing
 u - 2 potions of heal wounds
 w - a potion of mutation
 z - a potion of degeneration
 C - a potion of flight
 D - 3 potions of berserk rage
 J - 2 potions of might
 N - a potion of lignification
 O - a potion of haste
 P - a potion of resistance
 Q - a potion of magic
Books
 r - a book of Minor Magic

   Spells                             Type                      Level
   a - Magic Dart                     Conjuration                  1
   b - Blink                          Translocation                2
   c - Call Imp                       Summoning                    2
   d - Slow                           Hexes                        2
   e - Conjure Flame                  Conjuration/Fire             3
   f - Mephitic Cloud                 Conjuration/Poison/Air       3
 t - a book of Necromancy

   Spells                             Type                      Level
   a - Pain                           Necromancy                   1
   b - Animate Skeleton               Necromancy                   1
   c - Vampiric Draining              Necromancy                   3
   d - Regeneration                   Charms/Necromancy            3
   e - Animate Dead                   Necromancy                   4
   f - Borgnjor's Vile Clutch         Necromancy/Earth             5
 y - a book of Air

   Spells                             Type                      Level
   a - Shock                          Conjuration/Air              1
   b - Swiftness                      Charms/Air                   2
   c - Static Discharge               Conjuration/Air              3
   d - Airstrike                      Air                          4
   e - Lightning Bolt                 Conjuration/Air              5
 A - a book of Callings

   Spells                             Type                      Level
   a - Summon Small Mammal            Summoning                    1
   b - Call Imp                       Summoning                    2
   c - Call Canine Familiar           Summoning                    3
   d - Summon Guardian Golem          Hexes/Summoning              3
   e - Summon Lightning Spire         Summoning/Air                4
   f - Summon Ice Beast               Ice/Summoning                4
 G - a book of Misfortune

   Spells                             Type                      Level
   a - Confusing Touch                Hexes                        1
   b - Confuse                        Hexes                        3
   c - Gell's Gravitas                Translocation                3
   d - Petrify                        Transmutation/Earth          4
   e - Metabolic Englaciation         Hexes/Ice                    5
   f - Yara's Violent Unravelling     Hexes/Transmutation          5
 K - a book of Battle

   Spells                             Type                      Level
   a - Infusion                       Charms                       1
   b - Shroud of Golubria             Charms/Translocation         2
   c - Song of Slaying                Charms                       2
   d - Spectral Weapon                Hexes/Charms                 3
   e - Regeneration                   Charms/Necromancy            3
 U - a book of Changes

   Spells                             Type                      Level
   a - Beastly Appendage              Transmutation                1
   b - Sticks to Snakes               Transmutation                2
   c - Spider Form                    Transmutation/Poison         3
   d - Ice Form                       Ice/Transmutation            4
   e - Blade Hands                    Transmutation                5
Comestibles
 a - 24 rations


   Skills:
 - Level 13.5 Fighting
 - Level 12.4 Dodging
 - Level 11.0 Stealth
 - Level 14.1 Unarmed Combat
 - Level 6.8 Spellcasting
 - Level 6.2 Charms
 - Level 5.1 Necromancy
 - Level 3.5 Translocations
 + Level 0.0 Transmutations


You had 14 spell levels left.
You knew the following spells:

 Your Spells              Type           Power        Failure   Level  Hunger
a - Blink                 Tloc           N/A          4%          2    #......
b - Regeneration          Chrm/Necr      ##........   3%          3    ###....
c - Blade Hands           Tmut           #.........   99%         5    ######.


Dungeon Overview and Level Annotations

Branches:
Dungeon (13/15)            Temple (1/1) D:6            Lair (4/6) D:10
 Shoals (0/4) Lair:3          Orc (2/2) D:10            Elf (0/3) Orc:2
  Snake: Lair:2-4    Spider: Lair:2-4    Vaults: D:13-14

Altars:
Ashenzari
Cheibriados
Dithmenos
Elyvilon
Fedhas
Gozag
Hepliaklqana
Kikubaaqudgha
Makhleb
Nemelex Xobeh
Okawaru
Qazlal
Ru
Sif Muna
Trog
Uskayaw
Vehumet
Wu Jian
Xom
Yredelemnul
Zin
The Shining One
Beogh

Shops:
D:10 =   D:12 ==?   Orc:2 ?}(*:

Annotations:
D:5 Prince Ribbit
D:10 warwik96's ghost, journeyman DDFi
Temple Eustachio


Innate Abilities, Weirdness & Mutations

You cannot wear armour.
You are incapable of wielding weapons or throwing items.
Your paws allow you to move quietly. (Stealth)
You have sharp claws.
You have razor-sharp teeth.
You have supernaturally acute eyesight. (SInv)
You are carnivorous and can eat meat at any time.
You cover ground quickly.
Your magical capacity is low. (-10% MP)
Your thick and shaggy fur keeps you warm. (AC +3, rC+)
You have a slow metabolism.
You cannot read scrolls while threatened.
You cannot study or use magical devices.
You are hated by all.
You cannot study or cast Hexes magic.
You cannot study or cast Poison magic.
You cannot study or cast Summoning magic.
Your sharp claws are effective at attacking unaware monsters.
You are mostly covered in thin metallic scales. (AC +3)
Your muscles are strong. (Str +2)
Your spells are a little easier to cast, but a little less powerful.


Message History

The orc warlord is too close now for your liking.
There is a staircase back to the Dungeon here.
The orc warlord hits you with a +5 halberd of distortion!
Space bends around you.
You scratch the orc warlord.
The orc warlord is lightly wounded.
You closely miss the orc warlord.
The orc warlord is lightly wounded.
The orc warlord completely misses you.
You scratch the orc warlord.
You bite the orc warlord, but do no damage.
The orc warlord is lightly wounded.
You scratch the orc warlord.
The orc warlord is lightly wounded.
The orc warlord hits you with a +5 halberd of distortion!!
You feel threatened and lose the ability to read scrolls!
Ouch! That really hurt!
* * * LOW HITPOINT WARNING * * *
Space warps horribly around you!
You die...

#####.## ### ##.#......#
##..#...# ##.## #..........
#.......#### #...# ###.#.......
##.......#.###..## ##.##........
####............###............
##.......................... ###
#.......##...<.........>...
##.###...........#[.#...........
#.............[@#.............##
##.....##.....o.#.............##
###.#####...)................##
### #...)...................
#####......[...............
##.##......[..............#.
#...#....[..)....[...#.....#
##....)..>(.[........##.#.##
#.......)))[))......##.####


You could see an orc warlord.

Vanquished Creatures
  An orc warlord (Orc:1)
  2 ogre magi (Orc:2)
  Josephine (D:12)
  Fannar (D:11)
  Erolcha (D:9)
  2 hydras
  2 centaur warriors (D:13)
  12 two-headed ogres
  An unseen horror (D:12)
  2 deep trolls (Orc:2)
  7 wizards (D:12)
  A necromancer (IceCv)
  3 orc knights
  3 cyclopes
  2 orc sorcerers (Orc:2)
  A deep elf mage (D:12)
  Joseph (D:8)
  3 spiny frogs
  4 ice statues (IceCv)
  2 centaur skeletons
  5 komodo dragons
  A kobold demonologist (D:12)
  8 ice devils (IceCv)
  15 trolls
  A polar bear (Lair:3)
  3 slime creatures
  4 hippogriffs
  A snapping turtle (Lair:3)
  2 blink frogs (Lair:4)
  A shadow (D:11)
  3 wraiths (D:12)
  3 basilisks
  A vampire (D:12)
  19 yaks
  2 wyverns
  4 hungry ghosts
  3 water moccasins
  5 porcupines
  A necrophage (D:5)
  2 black bears
  25 orc warriors
  2 eyes of draining
  3 sky beasts
  4 ice beasts
  3 phantoms
  8 centaurs
  28 ogres
  10 wolves
  6 crocodiles
  A big kobold (D:11)
  11 bullfrogs
  A gnoll sergeant (D:11)
  3 scorpions
  8 killer bees
  An electric eel (D:6)
  A howler monkey (D:10)
  A vampire bat (Orc:1)
  5 centaur zombies
  4 crimson imps
  2 bullfrog zombies
  A draconian simulacrum (IceCv)
  A gnoll shaman (D:5)
  12 orc priests
  13 orc wizards
  7 bullfrog skeletons
  5 worker ants
  An iguana (D:5)
  A spriggan simulacrum (IceCv)
  3 troll simulacra (IceCv)
  A killer bee zombie (D:10)
  A centaur simulacrum (IceCv)
  A hound skeleton (D:4)
  A worker ant zombie (D:7)
  13 gnolls
  A naga simulacrum (IceCv)
  3 ogre simulacra (IceCv)
  10 adders
  A shadow imp (D:10)
  2 oozes
  An adder zombie (D:9)
  3 worms
  3 dart slugs
  51 orcs
  5 ball pythons
  16 bats
  8 giant cockroaches
  7 goblins
  6 hobgoblins
  9 jackals
  3 quokkas
  A frilled lizard (D:2)
  11 kobolds
  A quokka skeleton (D:7)
  21 rats
487 creatures vanquished.

Vanquished Creatures (others)
  A two-headed ogre (Orc:2)
  3 yaks
  An adder (D:12)
  2 orcs
7 creatures vanquished.

Grand Total: 494 creatures vanquished

Notes
Turn   | Place    | Note
-------+----------+-------------------------------------------
     0 | D:1      | inc the Felid Monk began the quest for the Orb.
     0 | D:1      | Reached XP level 1. HP: 10/10 MP: 2/2
   233 | D:1      | Reached XP level 2. HP: 13/14 MP: 3/3
   759 | D:1      | Reached skill level 4 in Unarmed Combat
  1013 | D:1      | Reached XP level 3. HP: 13/17 MP: 4/4
  1759 | D:2      | Reached XP level 4. HP: 21/21 MP: 5/5
  1762 | D:2      | Reached skill level 5 in Unarmed Combat
  2470 | D:3      | Reached XP level 5. HP: 9/24 MP: 6/6
  3007 | D:3      | Found a shimmering altar of Xom.
  3179 | D:3      | Reached skill level 6 in Unarmed Combat
  3197 | D:3      | HP: 1/24 [gnoll/club (2)]
  4204 | D:4      | Gained mutation: You are covered in thick fur. (AC +2) [Felid growth]
  4204 | D:4      | Reached XP level 6. HP: 21/28 MP: 7/7
  4370 | D:4      | Found an opulent altar of Gozag.
  4372 | D:4      | Reached skill level 7 in Unarmed Combat
  4396 | D:4      | Reached skill level 5 in Dodging
  4802 | D:5      | Entered Level 5 of the Dungeon
  4803 | D:5      | Found a glowing golden altar of the Shining One.
  4896 | D:5      | Found a transporter.
  4925 | D:5      | Noticed an ice beast
  4927 | D:5      | Killed an ice beast
  4927 | D:5      | Reached XP level 7. HP: 18/31 MP: 3/8
  5224 | D:5      | Found a radiant altar of Vehumet.
  5633 | D:5      | Found a transporter.
  6418 | D:6      | Noticed Prince Ribbit
  6817 | D:6      | Noticed a wyvern
  6825 | D:5      | Reached XP level 8. HP: 34/34 MP: 9/9
  6892 | D:5      | Reached skill level 10 in Dodging
  7426 | D:6      | Found a staircase to the Ecumenical Temple.
  7426 | D:6      | Noticed Eustachio
  7431 | Temple   | Entered the Ecumenical Temple
  7438 | Temple   | Became a worshipper of Ru the Awakened
  7452 | Temple   | Gained mutation: Your spells are a little easier to cast, but a little less powerful. [potion of mutation]
  7452 | Temple   | Gained mutation: You are partially covered in thin metallic scales. (AC +2) [potion of mutation]
  7452 | Temple   | Gained mutation: Your muscles are strong. (Str +2) [potion of mutation]
  7452 | Temple   | Gained mutation: You are mostly covered in thin metallic scales. (AC +3) [potion of mutation]
  7728 | D:5      | Gained mutation: You cannot read scrolls while threatened. [Ru sacrifice]
  7728 | D:5      | Reached * piety under Ru
  9271 | D:6      | Reached XP level 9. HP: 28/37 MP: 8/10
  9577 | D:6      | Reached skill level 8 in Unarmed Combat
  9857 | D:7      | Learned a level 2 spell: Blink
 10175 | D:7      | Reached skill level 9 in Unarmed Combat
 10238 | D:8      | Noticed Joseph
 10264 | D:8      | Killed Joseph
 10454 | D:8      | Reached skill level 10 in Unarmed Combat
 10609 | D:8      | Noticed a two-headed ogre
 10624 | D:8      | Killed a two-headed ogre
 10624 | D:8      | Reached skill level 11 in Unarmed Combat
 10668 | D:8      | Gained mutation: You cannot study or cast Poison magic. [Ru sacrifice]
 10668 | D:8      | Gained mutation: You cannot study or cast Hexes magic. [Ru sacrifice]
 10668 | D:8      | Gained mutation: You cannot study or cast Summoning magic. [Ru sacrifice]
 10668 | D:8      | Reached ** piety under Ru
 11253 | D:9      | Noticed a two-headed ogre
 11307 | D:8      | Learned a level 3 spell: Regeneration
 11560 | D:9      | Reached XP level 10. HP: 42/42 MP: 11/11
 11878 | D:9      | Reached skill level 1 in Translocations
 12123 | D:10     | Entered Level 10 of the Dungeon
 12186 | D:10     | Reached skill level 1 in Spellcasting
 12196 | D:10     | Found Cianod's Jewellery Shop.
 12558 | D:10     | Found a staircase to the Orcish Mines.
 12654 | D:10     | Gained mutation: You cannot study or use magical devices. [Ru sacrifice]
 12654 | D:10     | Reached *** piety under Ru
 12654 | D:10     | Reached **** piety under Ru
 12669 | D:10     | Found a staircase to the Lair.
 12847 | D:10     | Found a roughly hewn altar of Beogh.
 13124 | D:9      | Reached skill level 5 in Spellcasting
 13336 | D:10     | Noticed warwik96's ghost (journeyman DDFi)
 13443 | D:9      | Killed a two-headed ogre
 13541 | D:9      | Noticed Erolcha
 13563 | D:9      | Killed Erolcha
 13785 | D:11     | Noticed a six-headed hydra
 13821 | D:11     | Noticed Fannar
 13833 | D:11     | Killed Fannar
 13833 | D:11     | Reached XP level 11. HP: 20/45 MP: 7/22
 14025 | D:11     | Killed a six-headed hydra
 14025 | D:11     | Reached skill level 5 in Charms
 14229 | D:11     | Got a smoking bone ring
 14297 | D:11     | Reached skill level 5 in Necromancy
 14555 | D:11     | Noticed a two-headed ogre
 14610 | D:11     | Killed a two-headed ogre
 15112 | D:11     | Gained mutation: Your magical capacity is low. (-10% MP) [Ru sacrifice]
 15112 | D:11     | Reached ***** piety under Ru
 15264 | D:12     | Reached skill level 5 in Fighting
 15581 | D:12     | Found Hoeskone's Magic Scroll Shop.
 15584 | D:12     | Bought a scroll of identify for 26 gold pieces
 15584 | D:12     | Bought a scroll of identify for 26 gold pieces
 15584 | D:12     | Bought a scroll of identify for 26 gold pieces
 15591 | D:12     | Identified the ring "Omutodi" {+Blink rPois} (You found it on level 11 of the Dungeon)
 15601 | D:12     | Found a shattered altar of Ashenzari.
 15610 | D:12     | Found Enworioll's Jewellery Emporium.
 16077 | D:12     | Noticed an unseen horror
 16103 | D:12     | Killed an unseen horror
 16138 | D:12     | Found Xoal Asoiz's Jewellery Boutique.
 16234 | D:12     | Noticed a wizard
 16251 | D:12     | Killed a wizard
 16251 | D:12     | Gained mutation: Your thick and shaggy fur keeps you warm. (AC +3, rC+) [Felid growth]
 16251 | D:12     | Reached XP level 12. HP: 43/56 MP: 14/20
 16906 | D:12     | Reached skill level 12 in Unarmed Combat
 16976 | D:12     | Found the +3 warlock's mirror {reflect}
 17103 | D:13     | Noticed a centaur warrior
 17109 | D:13     | Noticed Josephine
 17218 | Lair:1   | Entered Level 1 of the Lair of Beasts
 17675 | Lair:1   | Reached skill level 13 in Unarmed Combat
 18571 | Lair:2   | Found a frozen archway.
 18584 | IceCv    | Entered an ice cave
 18795 | IceCv    | Reached skill level 14 in Unarmed Combat
 19077 | IceCv    | Reached skill level 5 in Stealth
 20339 | Lair:3   | Reached XP level 13. HP: 60/60 MP: 21/21
 20393 | Lair:3   | Found a staircase to the Shoals.
 21464 | Orc:1    | Entered Level 1 of the Orcish Mines
 21539 | Orc:2    | Entered Level 2 of the Orcish Mines
 22330 | Orc:2    | Found a staircase to the Elven Halls.
 22337 | Orc:2    | Found Diawn's Book Shoppe.
 22379 | Orc:2    | Reached skill level 10 in Stealth
 23208 | Orc:2    | Found Keyx's Magic Scroll Emporium.
 23217 | Orc:2    | Reached skill level 10 in Fighting
 23529 | Orc:2    | Mangled by a deep troll
 23530 | Orc:2    | Reached XP level 12. HP: -8/58 MP: 0/20
 23575 | Orc:2    | Noticed an ogre mage
 23584 | Orc:2    | Killed an ogre mage
 23632 | Orc:1    | Killed a two-headed ogre
 24035 | Orc:2    | Killed a two-headed ogre
 24197 | Orc:2    | Found Tugguf's Antique Weapon Emporium.
 24210 | Orc:2    | Found Bafin's Assorted Antiques.
 24217 | Orc:2    | Found Ymaulu Iroann's Gadget Shoppe.
 24458 | Orc:2    | Gained mutation: You are hated by all. [Ru sacrifice]
 24706 | Orc:2    | Noticed an orc warlord
 24727 | Orc:2    | Noticed an orc warlord
 24727 | Orc:2    | Reached XP level 13. HP: 53/64 MP: 16/21
 25208 | D:12     | Bought the amulet of the Air {Inacc +Fly rElec EV+5 RMsl} for 571 gold pieces
 25208 | D:12     | Found the amulet of the Air {Inacc +Fly rElec EV+5 RMsl}
 25208 | D:12     | Bought a +5 ring of evasion for 660 gold pieces
 25621 | D:12     | Killed Josephine
 26127 | D:13     | Noticed a fire dragon
 26304 | Orc:1    | Killed an orc warlord
 26312 | Orc:1    | Slain by an orc warlord
 26313 | Orc:1    | Reached XP level 12. HP: -1/63 MP: 14/20
 26801 | Orc:2    | Bought a book of Changes for 425 gold pieces
 26807 | Orc:2    | Learned a level 5 spell: Blade Hands
 26834 | Orc:1    | Slain by an orc warlord

Skill      XL: |  1  2  3  4  5  6  7  8  9 10 11 12 13 |
---------------+----------------------------------------+-----
Unarmed Combat | 4 5 6 7 11 14 | 14.1
Dodging        | 6 9 12 | 12.4
Translocations | 3 |  3.5
Spellcasting   | 6 |  6.8
Charms         | 4 6 |  6.2
Necromancy     | 3 5 |  5.1
Fighting       | 8 11 13 | 13.5
Stealth        | 6 11 | 11.0

Action                   |  1- 3 |  4- 6 |  7- 9 | 10-12 | 13-15 || total
-------------------------+-------+-------+-------+-------+-------++-------
Melee: Unarmed           |   125 |   181 |   377 |   830 |   398 ||  1911
       Bite              |     9 |    14 |    50 |   122 |    67 ||   262
       Punch             |       |     4 |    12 |    65 |    38 ||   119
 Cast: Regeneration      |       |       |       |    11 |    14 ||    25
Invok: Sacrifice Words   |       |       |     1 |       |       ||     1
       Sacrifice Arcana  |       |       |     1 |       |       ||     1
       Power Leap        |       |       |       |    37 |    17 ||    54
       Sacrifice Artific |       |       |       |     1 |       ||     1
       Sacrifice Essence |       |       |       |     1 |       ||     1
       Sacrifice Love    |       |       |       |     1 |       ||     1
       Reject Sacrifices |       |       |       |     1 |       ||     1
       Apocalypse        |       |       |       |       |     3 ||     3
       Draw Out Power    |       |       |       |       |     1 ||     1
  Use: Scroll            |       |     1 |     2 |    15 |       ||    18
       Potion            |       |       |     5 |     6 |       ||    11
 Stab: Sleeping          |     6 |    12 |    10 |    23 |     1 ||    52
       Distracted        |     1 |     1 |     4 |    11 |     4 ||    21
       Invisible         |       |       |       |    10 |     4 ||    14
       Paralysed         |       |       |       |       |     2 ||     2
  Eat: Chunk             |     8 |       |     8 |    37 |    14 ||    67
       Ration            |       |       |     2 |       |     1 ||     3
Armor: Skin              |     5 |     7 |    19 |    29 |    22 ||    82
Dodge: Dodged            |    93 |   116 |   400 |   803 |   531 ||  1943
       Deflected         |       |       |       |     1 |       ||     1
